 Dungeon Crawl Stone Soup version 0.22.1-2-g9c5b331 (webtiles) character file.

212 magicm the Shooter (level 6, -6/46 HPs)
             Began as a Human Hunter on Nov 16, 2018.
             Mangled by an orc
             ... wielding a +0 hand axe
              (11 damage)
             ... on level 3 of the Dungeon.
             The game lasted 00:09:48 (2881 turns).

magicm the Shooter (Human Hunter)                   Turns: 2881, Time: 00:09:49

Health: -6/46      AC:  7    Str: 13    XL:     6   Next: 13%
Magic:  6/6        EV: 12    Int: 13    God:
Gold:   154        SH:  0    Dex: 13    Spells: 5/5 levels left

rFire    . . .     SeeInvis .   b - +0 short sword
rCold    . . .     Gourm    .   (no shield)
rNeg     . . .     Faith    .   c - +2 leather armour
rPois    .         Spirit   .   (no helmet)
rElec    .         Reflect  .   (no cloak)
rCorr    .         Harm     .   (no gloves)
MR       .....                  h - +1 pair of boots
Stlth    ++........             (no amulet)
HPRegen  0.15/turn              (no ring)
MPRegen  0.10/turn              (no ring)

@: no status effects
A: no striking features
a: no special abilities


You were on level 3 of the Dungeon.
You were not hungry.

You visited 1 branch of the dungeon, and saw 3 of its levels.

You collected 154 gold pieces.

Inventory:

Hand Weapons
 a - a +1 shortbow
 b - a +0 short sword (weapon)
Missiles
 d - 60 arrows
Armour
 c - a +2 leather armour (worn)
 h - a +1 pair of boots (worn)
Wands
 k - a wand of digging (10)
 n - a wand of disintegration (16)
Scrolls
 e - 2 scrolls of fear
 j - 2 scrolls of remove curse
Potions
 g - a potion of brilliance
 i - a potion of heal wounds {unknown}
 l - a potion of curing {unknown}
 m - a potion of resistance {unknown}
Comestibles
 f - 3 rations


   Skills:
 + Level 2.6 Fighting
 + Level 1.2 Short Blades
 + Level 5.8 Bows
 + Level 1.7 Armour
 + Level 2.3 Dodging
 + Level 1.5 Stealth


You had 5 spell levels left.
You didn't know any spells.
Your spell library was empty.

Dungeon Overview and Level Annotations

Branches:
Dungeon (3/15)

Altars:
Hepliaklqana


Message History

The orc closely misses you. The orc hits you but does no damage.
The orc barely misses you. x2; The orc hits you but does no damage.
As you read the scroll of fear, it crumbles to dust.
You assume a fearsome visage.
The orc looks frightened! x4
The orc hits you with a hand axe!
* * * LOW HITPOINT WARNING * * *
You closely miss the orc. The orc barely misses you.
The orc hits you but does no damage.
A jackal comes into view.
The orc closely misses you.
Things that are here:
a ration; a scorpion corpse You barely miss the orc.
The orc closely misses you.
A jackal comes into view.
The jackal barks!
You hit the orc.
The orc is heavily wounded.
You hear a bark!
The orc closely misses you. The orc hits you with a hand axe!
You die...

##.##########....#.......#####...
...# #.#####.....### ##.. ...#
#.# ##...##.#####.. ...# #.#
##.###........ ...# #.#
#.#.######... ...# #.#
##...######### ...#
#..#####........##### ...#
#o..o.........#.).... ...#
#..(@..>.....).###### ...#
#(.............# #....
h.((..............# ....
#####.............# ##
#.###.........# #..........o..##
..o...#o........#
(...............# #............#


You could see 5 orcs and a jackal.

Vanquished Creatures
  A scorpion (D:3)
  8 adders
  3 gnolls (D:3)
  A worm (D:2)
  3 dart slugs
  2 leopard geckos
  2 orcs (D:3)
  A ball python (D:1)
  7 giant cockroaches
  7 hobgoblins
  A quokka (D:3)
  6 bats
  3 goblins
  7 kobolds
  6 rats
58 creatures vanquished.

Notes
Turn   | Place    | Note
-------+----------+-------------------------------------------
     0 | D:1      | magicm the Human Hunter began the quest for the Orb.
     0 | D:1      | Reached XP level 1. HP: 16/16 MP: 1/1
    25 | D:1      | Reached XP level 2. HP: 22/22 MP: 2/2
   500 | D:1      | Reached XP level 3. HP: 27/27 MP: 3/3
  1348 | D:2      | Reached XP level 4. HP: 23/33 MP: 4/4
  2106 | D:3      | Reached skill level 1 in Armour
  2111 | D:3      | Reached skill level 5 in Bows
  2126 | D:3      | Reached skill level 1 in Short Blades
  2211 | D:3      | Reached XP level 5. HP: 29/39 MP: 5/5
  2620 | D:3      | Found a hazy altar of Hepliaklqana.
  2873 | D:3      | Reached XP level 6. HP: 29/46 MP: 6/6
  2881 | D:3      | Mangled by an orc

Skill      XL: |  1  2  3  4 |
---------------+-------------+-----
Armour         | 1 |  1.7
Bows           | 5 |  5.8
Short Blades   | 1 |  1.2
Fighting       | |  2.6
Dodging        | |  2.3
Stealth        | |  1.5

Action                   |  1- 3 |  4- 6 || total
-------------------------+-------+-------++-------
Melee: Short sword       |    46 |    77 ||   123
 Fire: Shortbow          |    54 |    65 ||   119
  Use: Scroll            |     9 |     3 ||    12
  Eat: Ration            |     1 |     1 ||     2
Armor: Leather armour    |    20 |    29 ||    49
Dodge: Dodged            |    35 |    77 ||   112
